 Dungeon Crawl Stone Soup version 0.17.1-3-g152610e (webtiles) character file.

276 Gargoyl the Skirmisher (level 6, -2/48 HPs)
             Began as a Demonspawn Abyssal Knight on Mar 12, 2016.
             Was a Believer of Lugonu.
             Slain by an ice beast (4 damage)
             ... on level 5 of the Dungeon.
             The game lasted 00:07:59 (3553 turns).

Gargoyl the Skirmisher (Demonspawn Abyssal Knight)  Turns: 3553, Time: 00:07:59

Health: -2/48      AC:  9    Str: 14    XL:     6   Next: 4%
Magic:  8/8        EV: 12    Int: 13    God:    Lugonu [**....]
Gold:   174        SH:  0    Dex: 20    Spells: 0 memorised, 5 levels left

rFire  + . .     SeeInvis .     C - +0 war axe
rCold  + . .     Clarity  .     g - +0 chain mail (curse)
rNeg   . . .     SustAt   +     (no shield)
rPois  +         Gourm    .     (helmet restricted)
rElec  +         Spirit   .     (no cloak)
rCorr  +         Warding  .     (no gloves)
rMut   .         Stasis   .     (no boots)
MR     .....                    (no amulet)
Stlth  ..........               j - ring of sustain attributes
                                f - ring of poison resistance

@: agile, resistant, drained, not resistant to hostile enchantments, extremely
unstealthy
A: antennae 1, talons 2, thin skeletal structure 1, deterioration 1, subdued
magic 1
a: Depart the Abyss, Bend Space, Renounce Religion


You were on level 5 of the Dungeon.
You worshipped Lugonu.
Lugonu was pleased with you.
You were not hungry.

You visited 1 branch of the dungeon, and saw 5 of its levels.
You visited the Abyss 1 time.

You collected 174 gold pieces.

Inventory:

Hand Weapons
 r - a +0 spear
 C - a +0 war axe (weapon)
Missiles
 t - 8 tomahawks (quivered)
Armour
 g - a cursed +0 chain mail (worn)
Jewellery
 f - a ring of poison resistance (left hand)
 j - a ring of sustain attributes (right hand)
 n - an uncursed ring of protection from magic {unknown}
 o - an uncursed ring of see invisible {unknown}
 u - an uncursed ring of protection from magic {unknown}
Wands
 w - a wand of polymorph (6)
 y - a wand of frost (0)
Scrolls
 a - a scroll of fog {unknown}
 b - a scroll of vulnerability {unknown}
 d - 4 scrolls of teleportation {unknown}
 e - 8 scrolls of identify {unknown}
 k - a scroll of fear {unknown}
 m - a scroll of immolation {unknown}
 q - a scroll of magic mapping {unknown}
 v - a scroll of recharging {unknown}
 x - a scroll of remove curse {unknown}
 D - a scroll of blinking {unknown}
Potions
 i - 2 potions of curing
 l - a potion of brilliance
 s - a potion of poison
Comestibles
 c - 3 bread rations
 h - 3 meat rations
 p - a beef jerky
 A - 5 fruits
 E - a slice of pizza


   Skills:
 + Level 4.0(3.5) Fighting
 + Level 3.3(2.8) Axes
 + Level 3.7(3.3) Armour
 + Level 1.8(1.4) Dodging
 + Level 3.1(2.7) Invocations


You had 5 spell levels left.
You didn't know any spells.

Dungeon Overview and Level Annotations

Branches:
Dungeon (5/15)
 Temple: D:4-7

Altars:
Ashenzari
Makhleb
Vehumet

Annotations:
D:4 subsebi's ghost, amateur DsCK


Innate Abilities, Weirdness & Mutations

You have razor-sharp toenails.
You have a somewhat thin skeletal structure (Dex +2, Stealth).
You have a pair of small antennae on your head.
Your body sometimes deteriorates upon taking damage.
Your spells are a little easier to cast, but a little less powerful.


Message History

The ice beast hits you. The ice beast freezes you!
* * * LOW HITPOINT WARNING * * *
The orc wizard casts a spell.
The orc wizard blinks!
Drink which item? (? for menu, Esc to quit)
It was a potion of mutation.
You feel extremely strange.
You feel yourself wasting away.
Your connection to magic feels subdued.
A pair of antennae grows on your head!
The ice beast hits you but does no damage.
Drink which item? (? for menu, Esc to quit)
It was a potion of resistance.
You feel protected. The ice beast completely misses you.
Drink which item? (? for menu, Esc to quit)
It was a potion of agility.
You feel agile all of a sudden. The ice beast hits you.
* * * LOW HITPOINT WARNING * * *
The ice beast freezes you. You resist.
You die...

#..................'......
#..................#
#......####......)[######
#......# #.............#
#......####.............#
#...###.#.####......ยง...#
#... ##.#.# #ho{.......#
#.. #.#.## #Y####.....# #.
##.#.###@# #.....# ##
####....# #.....# #....#
#.....#
...####....####.....#
....................#
########............#
#............#
#............#
#............#


You could see an ice beast, a hound and an orc wizard.

Vanquished Creatures
  A scorpion (D:4)
  An orc priest (D:5)
  A crimson imp (D:3)
  An orc wizard (D:3)
  A hound skeleton (D:4)
  6 adders
  A worm (D:3)
  4 giant geckos
  6 orcs
  2 bats (D:1)
  6 giant cockroaches
  3 goblins
  6 hobgoblins
  2 quokkas
  2 giant newts
  2 jackals (D:1)
  6 kobolds
  6 rats
57 creatures vanquished.

Notes
Turn   | Place    | Note
--------------------------------------------------------------
     0 | Abyss:1  | Gargoyl the Demonspawn Abyssal Knight began the quest for the Orb.
     0 | Abyss:1  | Reached XP level 1. HP: 18/18 MP: 2/2
    38 | Abyss:1  | Noticed an orange demon
   110 | Abyss:2  | Noticed a blue devil
   126 | Abyss:2  | Noticed a red ugly thing
   126 | Abyss:2  | Noticed a red ugly thing
   127 | Abyss:2  | Noticed a red ugly thing
   128 | Abyss:2  | Noticed a red very ugly thing
   129 | Abyss:2  | Noticed a red ugly thing
   130 | Abyss:2  | Noticed a large abomination
   130 | Abyss:2  | Noticed an apocalypse crab
   133 | D:1      | Escaped the Abyss
   419 | D:1      | Reached skill level 1 in Dodging
   520 | D:1      | Gained mutation: You have sharp toenails. [demonic ancestry]
   520 | D:1      | Reached XP level 2. HP: 22/24 MP: 4/4
   522 | D:1      | Reached * piety under Lugonu
  1137 | D:2      | Gained mutation: You have a somewhat thin skeletal structure (Dex +2, Stealth). [demonic ancestry]
  1137 | D:2      | Reached XP level 3. HP: 27/29 MP: 5/5
  1753 | D:3      | Gained mutation: You have razor-sharp toenails. [demonic ancestry]
  1753 | D:3      | Reached XP level 4. HP: 24/35 MP: 6/6
  2252 | D:3      | Found a burning altar of Makhleb.
  2253 | D:3      | Found a radiant altar of Vehumet.
  2265 | D:3      | Reached XP level 5. HP: 32/42 MP: 7/7
  2511 | D:4      | Found a shattered altar of Ashenzari.
  2634 | D:4      | Reached ** piety under Lugonu
  2779 | D:4      | Noticed subsebi's ghost (amateur DsCK)
  3428 | D:5      | Entered Level 5 of the Dungeon
  3528 | D:5      | Reached skill level 4 in Fighting
  3528 | D:5      | Reached XP level 6. HP: 32/48 MP: 8/8
  3533 | D:5      | Noticed an ice beast
  3551 | D:5      | Gained mutation: Your body sometimes deteriorates upon taking damage. [potion of mutation]
  3551 | D:5      | Gained mutation: Your spells are a little easier to cast, but a little less powerful. [potion of mutation]
  3551 | D:5      | Gained mutation: You have a pair of small antennae on your head. [potion of mutation]
  3553 | D:5      | HP: 2/48 [ice beast (4)]
  3553 | D:5      | Slain by an ice beast

Action                   |  1- 3 |  4- 6 || total
-------------------------+-------+-------++-------
Melee: Hand axe          |   115 |    72 ||   187
       War axe           |       |    47 ||    47
Invok: Depart the Abyss  |     1 |       ||     1
  Use: Potion            |     1 |     8 ||     9
  Eat: Chunk             |     1 |     1 ||     2
       Bread ration      |     1 |     1 ||     2
